 Dungeon Crawl Stone Soup version 0.30-a0-972-gf3ab3527aa (webtiles) character file.

Game seed: 7376727138063967151

58 voltaire321 the Sneak (level 4, -1/25 HPs)
             Began as a Kobold Enchanter on Mar 31, 2023.
             Killed from afar by Natasha (6 damage)
             ... with a puff of flame
             ... on level 2 of the Dungeon.
             The game lasted 00:04:22 (1565 turns).

voltaire321 the Sneak (Kobold Enchanter)            Turns: 1565, Time: 00:04:23

Health: -1/25      AC:  3    Str: 13    XL:     4   Next: 20%
Magic:  7/7        EV: 15    Int: 16    God:
Gold:   131        SH:  0    Dex: 15    Spells: 3/8 levels left

rFire   . . .      SeeInvis .    a - +1 dagger
rCold   . . .      Faith    .    (no shield)
rNeg    . . .      Spirit   .    b - +0 robe
rPois   .          Reflect  .    (no helmet)
rElec   .          Rampage  .    (no cloak)
rCorr   .                        d - +0 pair of gloves
Will    .....                    (no boots)
Stlth   ++++                     (no amulet)
HPRegen 0.24/turn                j - +6 ring of strength
MPRegen 0.10/turn                (no ring)

@: mighty
A: small, no large weapons, nightstalker 3
a: no special abilities


You were on level 2 of the Dungeon.
You visited 1 branch of the dungeon, and saw 2 of its levels.

You collected 131 gold pieces.

Inventory:

Hand Weapons
 a - a +1 dagger (weapon)
Armour
 b - a +0 robe (worn)
 d - a +0 pair of gloves (worn)
Jewellery
 j - a +6 ring of strength (left hand)
Scrolls
 f - a scroll of teleportation {unknown}
 g - a scroll of magic mapping {unknown}
 h - a scroll of silence {unknown}
 k - a scroll of brand weapon {unknown}
 m - a scroll of identify {unknown}
Potions
 c - 2 potions of invisibility
 e - a potion of mutation {unknown}
 i - a potion of magic {unknown}
 l - 2 potions of degeneration {unknown}
 n - a potion of cancellation {unknown}


   Skills:
 + Level 1.1 Fighting
 + Level 2.1 Short Blades
 + Level 2.8 Dodging
 * Level 4.9 Stealth
 + Level 2.5 Spellcasting
 + Level 3.2 Hexes
 + Level 0.6 Ice Magic


You had 3 spell levels left.
You knew the following spells:

 Your Spells              Type           Power      Damage    Failure   Level
a - Ensorcelled Hibernat  Hex/Ice        16%        N/A       14%         2
b - Tukima's Dance        Hex            12%        N/A       16%         3

Your spell library contained the following spells:

 Spells                   Type           Power      Damage    Failure   Level
 Confusing Touch          Hex            12%        N/A       16%         3
 Dazzling Flash           Conj/Hex       14%        N/A       30%         3


Dungeon Overview and Level Annotations

Branches:
Dungeon (2/15)

Altars:

Shops:
D:1 !

Annotations:
D:2 Natasha


Innate Abilities, Weirdness & Mutations

You are small and have problems with some larger weapons.
You are completely attuned to the shadows.


Message History

There are monsters nearby!
You feel very mighty all of a sudden.
Natasha no longer looks unusually strong.
The spectral hound barely misses you. x2
You hit the spectral hound.
The spectral hound is almost destroyed.
The spectral hound closely misses you.
You puncture the spectral hound!
You destroy the spectral hound!
Natasha mumbles some strange words.
Your life force feels restored.
You have reached level 4!
You barely miss the white imp.
Natasha casts a spell.
You barely miss the white imp. The white imp hits you.
The white imp freezes you.
You hit the white imp.
The white imp is lightly wounded.
The white imp hits you but does no damage.
You hit the white imp.
The white imp is moderately wounded.
The white imp barely misses you.
You completely miss the white imp.
The white imp is moderately wounded.
The white imp summons a swarm of flies.
The white imp hits you but does no damage.
Natasha mumbles some strange words.
You hit the white imp.
The white imp is severely wounded.
The white imp barely misses you.
Natasha casts a spell.
You puncture the white imp!
You kill the white imp!
The white imp disappears in a puff of smoke!
Natasha zaps a wand.
The puff of flame hits you!
* * * LOW HITPOINT WARNING * * *
You hit Natasha.
Natasha is moderately wounded.
Natasha zaps a wand.
The puff of flame hits you.
You die...

#.###..##### ##
#.#.....†..##..
#......###.#...
#.#.#..# #..#.#
#......# #....#
#.#....# ##.###
#.###..# ###.#.
########.###..#
#.....
#ZZZh@........#
#.....
#.##########.##
#..... #.# #.#
#..... #Z# #.#
#..... ##Z#
##.####.....
♣♣.Z#
###....##.....
♣♣...#
#.......##....
♣Z.P♣#
#.####..##.#.#
♣P..♣ #.#
##......†


You could see Natasha and 3 adder skeletons.

Vanquished Creatures
  A spectral hound (D:2)
  A dart slug (D:1)
  6 bats (D:1)
  A bat zombie (D:2)
  An endoplasm (D:1)
  3 hobgoblins
  6 jackals (D:1)
  7 kobolds (D:1)
  5 ball pythons
  A frilled lizard (D:1)
  2 goblins (D:1)
  A quokka skeleton (D:2)
  2 rats (D:1)
37 creatures vanquished.

Vanquished Creatures (others)
  5 withered plants (D:2)
5 creatures vanquished.

Grand Total: 42 creatures vanquished

Notes
Turn   | Place    | Note
-------+----------+-------------------------------------------
     0 | D:1      | voltaire321 the Kobold Enchanter began the quest for the
                  | Orb.
     0 | D:1      | Reached XP level 1. HP: 10/10 MP: 3/3
   121 | D:1      | Reached XP level 2. HP: 16/16 MP: 5/5
   134 | D:1      | Learned a level 2 spell: Ensorcelled Hibernation
   188 | D:1      | Found Ifiul's Distillery.
   500 | D:1      | Reached XP level 3. HP: 20/20 MP: 6/6
   576 | D:1      | Reached skill level 1 in Fighting
  1341 | D:2      | Learned a level 3 spell: Tukima's Dance
  1509 | D:2      | Noticed Natasha
  1557 | D:2      | Reached XP level 4. HP: 13/25 MP: 7/7
  1565 | D:2      | Killed from afar by Natasha

Illustrated notes

Levels and vault maps discovered:
D:1:      amcnicky_arrival_flooded_fountain, layout_loops_corners, serial_shops,
          shop, minmay_misc_feat_ornament, minmay_tromino_i4
D:2:      layout_loops_cross, dilly_guarded_unrand_morg

Skill      XL: |  1  2  3 |
---------------+----------+-----
Fighting       | 1 |  1.1
Short Blades   | 2 |  2.1
Dodging        | |  2.8
Stealth        | |  4.9
Spellcasting   | |  2.5
Hexes          | |  3.2
Ice Magic      | |  0.6

Action                     |  1- 3 |  4- 6 || total
---------------------------+-------+-------++-------
  Melee: Dagger            |    92 |     8 ||   100
   Cast: Ensorcelled Hiber |     7 |       ||     7
    Use: Potion            |     1 |       ||     1
   Stab: Sleeping          |    27 |       ||    27
 Armour: Robe              |    37 |     2 ||    39
  Dodge: Dodged            |    81 |     2 ||    83

Table legend: (Time is in decaauts)
 A = Elapsed time spent in this place.
 B = Non-inter-level travel time spent in this place.
 C = Inter-level travel time spent in this place.
 D = Time resting spent in this place.
 E = Time spent auto-exploring this place.
 F = Levels seen in this place.
 G = Mean time per level.
                   A        B        C        D        E       F      G
               +--------+--------+--------+--------+--------+-----+--------+
         Total |   1555 |   1537 |     18 |    172 |   1033 |   2 |  777.5 |
       Dungeon |   1555 |   1537 |     18 |    172 |   1033 |   2 |  777.5 |
               +--------+--------+--------+--------+--------+-----+--------+

Top non-repeatable levels by time:
     D:1: 1316 daAuts
     D:2: 238 daAuts
